 Dungeon Crawl Stone Soup version 0.24-a0-91-g4e4936a (webtiles) character file.

Game seed: 14059597359139596986

158 galech the Shield-Bearer (level 5, -10/41 HPs)
             Began as a Demonspawn Fighter on Feb 8, 2019.
             Killed by nerve-wracking pain
             ... invoked by Grinder
              (13 damage)
             ... on level 2 of the Dungeon.
             The game lasted 00:02:43 (2559 turns).

galech the Shield-Bearer (Demonspawn Fighter)       Turns: 2559, Time: 00:02:43

Health: -10/41     AC: 11    Str: 21    XL:     5   Next: 16%
Magic:  5/5        EV:  7    Int:  9    God:
Gold:   145        SH:  9    Dex: 14    Spells: 4/4 levels left

rFire    . . .     SeeInvis .   a - +0 war axe
rCold    . . .     Gourm    .   c - +0 shield
rNeg     . . .     Faith    .   o - +0 chain mail
rPois    .         Spirit   .   (no helmet)
rElec    .         Reflect  .   (no cloak)
rCorr    .         Harm     .   (no gloves)
MR       .....                  (no boots)
Stlth    ..........             (no amulet)
HPRegen  0.13/turn              b - +2 ring of evasion
MPRegen  0.09/turn              (no ring)

@: mighty
A: hooves 2, thin metallic scales 1
a: no special abilities


You were on level 2 of the Dungeon.
You were hungry.

You visited 1 branch of the dungeon, and saw 3 of its levels.

You collected 145 gold pieces.

Inventory:

Hand Weapons
 a - a +0 war axe (weapon)
Armour
 c - a +0 shield (worn)
 o - a +0 chain mail (worn)
Jewellery
 b - a +2 ring of evasion (left hand)
Scrolls
 g - 6 scrolls of identify {unknown}
 h - 3 scrolls of teleportation {unknown}
 j - 2 scrolls of fear {unknown}
 l - 3 scrolls of blinking {unknown}
 n - a scroll of amnesia {unknown}
 p - a scroll of enchant armour {unknown}
 q - 2 scrolls of immolation {unknown}
 r - a scroll of noise {unknown}
 u - a scroll of fog {unknown}
Potions
 d - a potion of might
 e - 2 potions of mutation {unknown}
 k - a potion of resistance {unknown}
 m - a potion of flight {unknown}
 s - a potion of berserk rage {unknown}
 t - 2 potions of curing {unknown}
 v - a potion of cancellation {unknown}
 w - 3 potions of brilliance {unknown}
 x - a potion of magic {unknown}
 z - a potion of ambrosia {unknown}
 A - a potion of haste {unknown}
Comestibles
 f - 4 rations


   Skills:
 + Level 3.3 Fighting
 + Level 3.4 Axes
 + Level 3.3 Armour
 + Level 0.2 Dodging
 + Level 3.6 Shields


You had 4 spell levels left.
You didn't know any spells.
Your spell library contained the following spells:

 Spells                   Type           Power        Failure   Level  Hunger
 Confusing Touch          Hex            #.....       100%        1    ##.....
 Confuse                  Hex            #.......     100%        3    ####...
 Gell's Gravitas          Tloc           #.........   100%        3    ####...
 Petrify                  Tmut/Erth      #.......     100%        4    #####..
 Metabolic Englaciation   Hex/Ice        #.........   100%        5    ######.
 Yara's Violent Unravell  Hex/Tmut       #.........   100%        5    ######.


Dungeon Overview and Level Annotations

Branches:
Dungeon (3/15)

Altars:
Ashenzari
Hepliaklqana
Sif Muna

Annotations:
D:2 Grinder
D:3 Terence


Innate Abilities, Weirdness & Mutations

You have hoof-like feet.
You are partially covered in thin metallic scales. (AC +2)


Message History

Unknown command.
Unknown command.
Grinder hits you.
You writhe in agony.
Your chain mail prevents you from hitting Grinder.
Your kick misses Grinder.
Grinder is heavily wounded.
Grinder blinks!
You block Grinder's attack.
You hit Grinder.
Grinder is heavily wounded.
Grinder hits you.
* * * LOW HITPOINT WARNING * * *
You writhe in agony.
* * * LOW HITPOINT WARNING * * *
You hit Grinder. You kick Grinder.
Grinder is severely wounded.
Grinder grins, showing sharp teeth.
Grinder gestures at you. Pain shoots through your body!
You die...

#.# # #.# # #.#
######## ###.#
#....... #...#
#.###### #.### #.#
# #.# #.# # #5#
#######.# # #@#
#.....#.# #.#
#.....#.# #.#
#.......#
#.###.....#######
#..>.^..........##
#####.#.#.#####...
##...## #### ##.##
#.#####


You could see Grinder.

Vanquished Creatures
  Natasha (thrice) (D:2)
  3 adders (D:2)
  3 dart slugs
  2 ball pythons
  2 giant cockroaches
  7 goblins
  8 hobgoblins
  3 jackals (D:2)
  3 kobolds
  8 bats
  6 frilled lizards
  7 rats
55 creatures vanquished.

Notes
Turn   | Place    | Note
-------+----------+-------------------------------------------
     0 | D:1      | galech the Demonspawn Fighter began the quest for the Orb.
     0 | D:1      | Reached XP level 1. HP: 18/18 MP: 1/1
   114 | D:1      | Gained mutation: You have large cloven feet. [demonic
                  | ancestry]
   114 | D:1      | Reached XP level 2. HP: 21/24 MP: 2/2
   913 | D:2      | Found a faded altar of an unknown god.
  1004 | D:2      | Gained mutation: You have hoof-like feet. [demonic
                  | ancestry]
  1004 | D:2      | Reached XP level 3. HP: 29/29 MP: 3/3
  1162 | D:2      | Found a hazy altar of Hepliaklqana.
  1572 | D:3      | Noticed Terence
  1572 | D:3      | Noticed Natasha
  1586 | D:2      | Killed Natasha
  1586 | D:2      | Gained mutation: You are partially covered in thin metallic
                  | scales. (AC +2) [demonic ancestry]
  1586 | D:2      | Reached XP level 4. HP: 28/35 MP: 4/4
  1919 | D:2      | Noticed Natasha
  1927 | D:2      | Killed Natasha
  1959 | D:2      | Noticed Natasha
  2101 | D:2      | Killed Natasha
  2190 | D:3      | Found a deep blue altar of Sif Muna.
  2226 | D:3      | Reached XP level 5. HP: 41/41 MP: 5/5
  2274 | D:3      | Found a shattered altar of Ashenzari.
  2345 | D:3      | Noticed Grinder
  2545 | D:2      | Paralysed by Grinder for 7 turns
  2559 | D:2      | Killed from afar by Grinder

Levels and vault maps discovered:
D:1:      scummos_arrival_checkerplants, layout_loops_ring,
          minmay_misc_feat_columns, minmay_pentomino_p2
D:2:      layout_loops_ring, old_standard_altar,
          chequers_ecumenical_altar_simple
D:3:      layout_basic, led_sif_pool, lemuel_doored_altar,
          cheibrodos_ashenzari_chains, first_ration, lexackson_kobold_supper,
          uniq_terence, uniq_robin, uniq_grinder, uniq_natasha

Skill      XL: |  1  2  3  4 |
---------------+-------------+-----
Armour         | 3 |  3.3
Axes           | 2 3 |  3.4
Shields        | 3 |  3.6
Fighting       | |  3.3
Dodging        | |  0.2

Action                   |  1- 3 |  4- 6 || total
-------------------------+-------+-------++-------
Melee: War axe           |   141 |    36 ||   177
       Kick              |    18 |     7 ||    25
  Use: Potion            |       |     1 ||     1
  Eat: Chunk             |     2 |     3 ||     5
Armor: Scale mail        |    43 |       ||    43
       Chain mail        |    47 |    32 ||    79
Dodge: Dodged            |    56 |    10 ||    66
Block: Shield            |    89 |    27 ||   116

Table legend:
 A = Non-vault XP
 B = Vault XP
 C = Vault XP percentage of total XP
 D = Non-vault monster count
 E = Vault monster count
 F = Vault count percentage of total count
                 A         B        C        D         E       F
            +---------+---------+-------+---------+---------+-------
      Total |     190 |      37 |  16.3 |      51 |       4 |   7.3
            +---------+---------+-------+---------+---------+-------
        D:1 |      32 |       2 |   5.9 |      17 |       2 |  10.5
        D:2 |     146 |      35 |  19.3 |      26 |       2 |   7.1
        D:3 |      12 |       0 |   0.0 |       8 |       0 |   0.0
            +---------+---------+-------+---------+---------+-------
